 Dungeon Crawl Stone Soup version 0.30.1-11-g7821555f0a (webtiles) character file.

Game seed: 12581005607874570634

748 lonewolfV2 the Blocker (level 8, -9/68 HPs)
             Began as a Formicid Fighter on Nov 14, 2023.
             Mangled by Duvessa
             ... wielding a +0 rapier
              (14 damage)
             ... on level 5 of the Dungeon.
             The game lasted 00:05:49 (5323 turns).

lonewolfV2 the Blocker (Formicid Fighter)           Turns: 5323, Time: 00:05:49

Health: -9/68      AC: 15    Str: 24    XL:     8   Next: 6%
Magic:  8/8        EV:  9    Int:  7    God:
Gold:   261        SH:  6    Dex: 13    Spells: 7/7 levels left

rFire   . . .        a - +1 war axe (protect)
rCold   . . .        c - +0 buckler
rNeg    . . .        b - +0 scale mail
rPois   .            (helmet unavailable)
rElec   .            (no cloak)
rCorr   .            (no gloves)
SInv    +            l - +0 pair of boots
Will    .....        n - amulet of faith Stlth
                     (no ring)
HPRegen 0.31/turn    (no ring)
MPRegen 0.11/turn

%: faith
@: mighty, under a protective aura, invisible
A: permanent stasis, dig shafts and tunnels, antennae 3, four strong arms
a: Dig, Shaft Self


You were on level 5 of the Dungeon.
You visited 1 branch of the dungeon, and saw 5 of its levels.

You collected 261 gold pieces.

Inventory:

Hand Weapons
 a - a +1 war axe of protection (weapon)
Missiles
 e - 2 throwing nets
Armour
 b - a +0 scale mail (worn)
 c - a +0 buckler (worn)
 l - a +0 pair of boots (worn)
Jewellery
 g - a ring of fire
 n - an amulet of faith (around neck)
 o - a ring of magical power
Wands
 q - a wand of acid (5)
 r - a wand of flame (23)
 t - a wand of polymorph (7)
Scrolls
 m - 2 scrolls of brand weapon
 u - a scroll of enchant armour {unknown}
Potions
 f - 4 potions of curing {unknown}
 h - a potion of ambrosia {unknown}
 i - a potion of magic
 j - a potion of brilliance {unknown}
 k - a potion of berserk rage
 p - a potion of degeneration {unknown}
 s - a potion of invisibility


   Skills:
 * Level 7.8 Fighting
 - Level 2.0 Axes
 - Level 3.2 Armour
 + Level 8.0 Shields


You had 7 spell levels left.
You didn't know any spells.
Your spell library contained the following spells:

 Spells                   Type           Power      Damage    Failure   Level
 Slow                     Hex            0%         N/A       78%         1
 Sting                    Tmut/Pois      0%         1d3       78%         1
 Cigotuvi's Dreadful Rot  Necr/Pois/Air  0%         N/A       89%         2
 Poisonous Vapours        Pois/Air       0%         N/A       89%         2
 Confusing Touch          Hex            0%         N/A       98%         3
 Ignite Poison            Fire/Tmut/Pois 0%         N/A       98%         3
 Vampiric Draining        Necr           0%         2d6       98%         3
 Olgreb's Toxic Radiance  Pois           0%         N/A       100%        4
 Freezing Cloud           Conj/Ice/Air   0%         6-21      100%        5


Dungeon Overview and Level Annotations

Branches:
Dungeon (5/15)
 Temple: D:4-7

Altars:

Shops:
D:1 *   D:4 =

Annotations:
D:3 2 transporters, Azazsd's ghost, weakling DrAr
D:5 Duvessa; Eustachio


Innate Abilities, Weirdness & Mutations

You cannot be hasted, slowed, berserked, paralysed or teleported.
You can dig through walls and to a lower floor.
You have a pair of large antennae on your head. (SInv)
Your four strong arms can wield two-handed weapons with a shield.


Message History

The white imp gestures at you.
The puff of frost hits you but does no damage.
The ufetubus hits you but does no damage. x2
The white imp lashes its tail.
You block the white imp's attack.
You barely miss the ufetubus. You slash the white imp!
You kill the white imp!
The white imp disappears in a puff of smoke!
The ufetubus hits you but does no damage.
The ufetubus closely misses you.
Eustachio asks, "How can you live without manners, virtues and honour?"
You block the ufetubus's attack. x2
You miss the ufetubus. The ufetubus hits you. x2
You block the ufetubus's attack.
The ufetubus hits you but does no damage.
You slash the ufetubus!
You kill the ufetubus!
The ufetubus disappears in a puff of smoke!
Eustachio casts a spell.
Duvessa hits you but does no damage.
You hit Duvessa.
Duvessa is lightly wounded.
Duvessa closely misses you. You block Duvessa's attack.
You closely miss Duvessa.
Duvessa is lightly wounded.
You block Duvessa's attack. Duvessa hits you with a +0 rapier!
You hit Duvessa but do no damage.
Duvessa is lightly wounded.
Duvessa hits you but does no damage.
Eustachio gestures wildly while chanting.
Eustachio blinks!
Duvessa hits you with a +0 rapier!
* * * LOW HITPOINT WARNING * * *
You slash Duvessa!
Duvessa is moderately wounded.
Duvessa hits you with a +0 rapier!
* * * LOW HITPOINT WARNING * * *
Duvessa hits you but does no damage.
You fade into invisibility!
Duvessa hits you but does no damage. Duvessa hits you with a +0 rapier!
You die...

#..... #..... #.....
#..... #..... #.....
#############.###.
####.....[....)....+.
#...@............#.#.
#.##e#############...
#r# #######. #.. {
........ ### #######.
#. #. #. ..


You could see Duvessa (berserk, unable to see you) and a rat (summoned, unable
to see you).

Vanquished Creatures
  A black bear (D:5)
  An ogre (D:4)
  A scorpion (D:5)
  Dowan (D:5)
  A sleepcap (D:4)
  4 iguanas
  Natasha (thrice) (D:4)
  Terence (D:3)
  Ijyb (D:3)
  3 gnolls (D:5)
  9 adders
  An ufetubus (D:5)
  2 worms
  9 orcs
  7 bats
  10 endoplasms
  2 giant cockroaches
  3 goblins
  5 hobgoblins
  7 jackals (D:3)
  5 quokkas
  9 ball pythons
  3 frilled lizards
  8 kobolds
  4 rats
101 creatures vanquished.

Notes
Turn   | Place    | Note
-------+----------+-------------------------------------------
     0 | D:1      | lonewolfV2 the Formicid Fighter began the quest for the
                  | Orb.
     0 | D:1      | Reached XP level 1. HP: 18/18 MP: 1/1
   240 | D:1      | Reached XP level 2. HP: 25/25 MP: 2/2
   254 | D:1      | Found Iryif's Assorted Antiques.
   942 | D:2      | Reached XP level 3. HP: 30/30 MP: 3/3
  1329 | D:2      | Reached XP level 4. HP: 38/38 MP: 4/4
  1720 | D:3      | Reached skill level 5 in Shields
  1746 | D:3      | Reached skill level 5 in Fighting
  1909 | D:3      | Found a transporter.
  1913 | D:3      | Noticed Azazsd's ghost (weakling DrAr)
  1914 | D:3      | Found a transporter.
  1939 | D:3      | Reached XP level 5. HP: 44/44 MP: 5/5
  1993 | D:3      | You fall into a shaft and drop 2 floors!
  1993 | D:5      | Entered Level 5 of the Dungeon
  2394 | D:4      | Noticed Natasha
  2401 | D:4      | Killed Natasha
  2402 | D:4      | Reached XP level 6. HP: 31/52 MP: 6/6
  2623 | D:4      | Noticed Natasha
  2651 | D:4      | Killed Natasha
  2752 | D:3      | Noticed Ijyb
  2752 | D:3      | Noticed Terence
  2765 | D:3      | Killed Ijyb
  2771 | D:3      | Killed Terence
  2772 | D:3      | Reached skill level 6 in Shields
  3558 | D:4      | Noticed an ogre
  3570 | D:4      | Killed an ogre
  3571 | D:4      | Reached XP level 7. HP: 21/59 MP: 7/7
  3944 | D:4      | Noticed Natasha
  3958 | D:4      | Killed Natasha
  4131 | D:4      | Found Saenesm's Jewellery Boutique.
  4550 | D:5      | Reached skill level 7 in Shields
  5308 | D:5      | Noticed Dowan
  5308 | D:5      | Noticed Eustachio
  5309 | D:5      | Noticed Duvessa
  5314 | D:5      | Killed Dowan
  5315 | D:5      | Reached skill level 8 in Shields
  5315 | D:5      | Reached XP level 8. HP: 45/68 MP: 8/8
  5323 | D:5      | Mangled by Duvessa

Illustrated notes

Levels and vault maps discovered:
D:1:      lightli_arrival_lavapool, layout_loops_corners, serial_shops, shop,
          hangedman_decor_points, serial_bayou_pond_e, minmay_tetromino_i2
D:2:      layout_rooms
D:3:      layout_loops_ring, gammafunk_ghost_mausoleum, chequers_avenue,
          hangedman_decor_growths, kennysheep_generic_room_4, uniq_ijyb,
          uniq_terence
D:4:      layout_basic, serial_shops, shop, uniq_natasha
D:5:      layout_basic, small_statue_intersection, uniq_pikel, uniq_duvessa,
          uniq_eustachio

Skill      XL: |  1  2  3  4  5  6  7 |
---------------+----------------------+-----
Fighting       | 4 5 6 7 |  7.8
Shields        | 5 6 8 |  8.0
Axes           | |  2.0
Armour         | |  3.2

Action                     |  1- 3 |  4- 6 |  7- 9 || total
---------------------------+-------+-------+-------++-------
  Melee: War axe           |   110 |   145 |   110 ||   365
Ability: Dig               |     2 |       |       ||     2
    Use: Scroll            |       |     6 |     4 ||    10
         Potion            |       |     1 |     2 ||     3
 Armour: Scale mail        |    78 |    78 |    76 ||   232
  Dodge: Dodged            |    70 |    74 |    46 ||   190
  Block: Buckler           |    33 |    42 |    46 ||   121
